 Dungeon Crawl Stone Soup version 0.30.0-17-ge0270778cf (webtiles) character file.

Game seed: 8869743988193196004

252 saiaiaiai the Ruffian (level 6, 0/45 HPs)
             Began as a Ghoul Air Elementalist on May 21, 2023.
             Was an Initiate of Okawaru.
             Slain by a centaur (5 damage)
             ... on level 6 of the Dungeon.
             The game lasted 00:13:35 (4839 turns).

saiaiaiai the Ruffian (Ghoul Air Elementalist)      Turns: 4839, Time: 00:13:36

Health: 0/45       AC:  3    Str: 14    XL:     6   Next: 13%
Magic:  2/7        EV: 12    Int: 10    God:    Okawaru [......]
Gold:   290        SH:  0    Dex: 15    Spells: 4/8 levels left

rFire   . .          .
                       - Unarmed
rCold   + . .        (no shield)
rNeg    + + +        a - +0 robe
rPois   ∞            (no helmet)
rElec   .            (no cloak)
rCorr   .            (no gloves)
SInv    .            w - +0 pair of boots
Will    .....        (no amulet)
Stlth   ++           t - +6 ring of dexterity
HPRegen 0.00/turn    (no ring)
MPRegen 0.10/turn

%: no passive effects
@: very slightly contaminated, inhibited regen
A: claws 1, cold resistance 1, negative energy resistance 3, inhibited
regeneration, torment resistance 2, devour on kill
a: Renounce Religion


You were on level 6 of the Dungeon.
You worshipped Okawaru.
Okawaru was noncommittal.
You visited 2 branches of the dungeon, and saw 7 of its levels.

You collected 290 gold pieces.

Inventory:

Missiles
 d - 6 poisoned darts
 y - 6 javelins
Armour
 a - a +0 robe (worn)
 q - the +1 tower shield "Ugumnom" {Rampage Str+3}
   (You found it on level 3 of the Dungeon)

   Str:       It affects your strength (+3).
   Rampage:   It bestows one free step when moving towards enemies.
 w - a +0 pair of boots (worn)
Jewellery
 t - a +6 ring of dexterity (left claw)
Scrolls
 c - a scroll of poison {unknown}
 f - 3 scrolls of teleportation {unknown}
 g - a scroll of summoning {unknown}
 i - a scroll of magic mapping
 k - 2 scrolls of enchant weapon {unknown}
 l - 2 scrolls of silence {unknown}
 n - a scroll of fear {unknown}
 o - a scroll of enchant armour {unknown}
 p - a scroll of fog {unknown}
 r - a scroll of identify
 s - a scroll of immolation {unknown}
 v - 2 scrolls of amnesia {unknown}
Potions
 b - 2 potions of magic
 e - 4 potions of attraction
 h - a potion of might
 j - 5 potions of curing
 m - 2 potions of haste {unknown}
 u - 2 potions of brilliance {unknown}
 x - a potion of heal wounds {unknown}
 z - a potion of flight {unknown}
 A - a potion of degeneration {unknown}


   Skills:
 - Level 1.8 Dodging
 - Level 2.2 Stealth
 + Level 1.7 Shields
 * Level 4.8 Unarmed Combat
 - Level 1.8 Spellcasting
 - Level 0.8 Conjurations
 + Level 3.3 Air Magic


You had 4 spell levels left.
You knew the following spells:

 Your Spells              Type           Power      Damage    Failure   Level
a - Shock                 Conj/Air       20%        1d4       14%         1
b - Swiftness             Air            7%         N/A       24%         3

Your spell library contained the following spells:

 Spells                   Type           Power      Damage    Failure   Level
 Static Discharge         Conj/Air       10%        2-3/arc   21%         2
 Apportation              Tloc           0%         N/A       32%         1
 Necrotise                Necr           0%         1d4       32%         1
 Airstrike                Air            3%         2d(1-17)  63%         4
 Manifold Assault         Tloc           0%         N/A       97%         4
 Dispersal                Tloc           0%         N/A       100%        6
 Disjunction              Tloc           0%         N/A       100%        8
 Maxwell's Capacitive Co  Air            3%         ∞         100%        8
 Summon Small Mammal      Summ           Unusable   N/A       N/A         1
 Summon Lightning Spire   Summ/Air       Unusable   N/A       N/A         4
 Storm Form               Tmut/Air       Unusable   N/A       N/A         7

Dungeon Overview and Level Annotations

Branches:
Dungeon (6/15)             Temple (1/1) D:4

Altars:
Ashenzari
Cheibriados
Dithmenos
Fedhas
Gozag
Hepliaklqana
Kikubaaqudgha
Makhleb
Nemelex Xobeh
Okawaru
Qazlal
Sif Muna
Trog
Uskayaw
Vehumet
Xom

Annotations:
D:4 3 runed translucent doors, exclusions: black bear, 3 doors and kobold, P0WERM0DE's ghost, amateur MeMo
D:5 exclusion: scorpion, Prince Ribbit


Innate Abilities, Weirdness & Mutations

You are immune to poison.
You have sharp fingernails.
Your flesh is cold resistant. (rC+)
You are immune to negative energy. (rN+++)
You do not regenerate when monsters are visible.
You are immune to unholy pain and torment.
You thrive by killing the living.


Message History

You miscast Shock.
You are very lightly contaminated with residual magic.
Nothing appears to happen.
The centaur closely misses you. The centaur kicks you.
The centaur completely misses you. The centaur kicks you.
Aiming: Shock (safe; 14% risk of failure)
Press: ? - help, Shift-Dir - straight line The zap hits the centaur.
The centaur is moderately wounded.
The zap hits the centaur.
The centaur is moderately wounded.
The centaur misses you. The centaur closely misses you.
Aiming: Shock (safe; 14% risk of failure)
Press: ? - help, Shift-Dir - straight line The zap hits the centaur.
The centaur is heavily wounded.
The zap hits the centaur.
The centaur is heavily wounded.
The centaur hits you.
* * * LOW HITPOINT WARNING * * *
The centaur kicks you but does no damage.
The centaur closely misses you. The centaur misses you.
Aiming: Shock (safe; 14% risk of failure)
Press: ? - help, Shift-Dir - straight line The zap hits the centaur.
The centaur is heavily wounded.
The zap hits the centaur.
The centaur is severely wounded.
The centaur hits you.
* * * LOW HITPOINT WARNING * * *
The centaur barely misses you.
Aiming: Shock (safe; 14% risk of failure)
Press: ? - help, Shift-Dir - straight line The zap hits the centaur.
The centaur is severely wounded.
The zap misses the centaur.
The centaur closely misses you. The centaur kicks you.
* * * LOW HITPOINT WARNING * * *
The centaur hits you.
You die...

#...# ..#####...#
..........# # #...#
#.####...# #.......##
#.##.##.#########
#.........c...).#
#####.##.....@#.###.#
.....##.##.#...# #.#
##..##....###.###.#
####?..)#...###.....#
#....<)###......#.###
#.##.##.#.#.#####.# #
#. ##.##.# #.# o.
####.# #.# ##. ...
#.#


You could see a centaur.

Vanquished Creatures
  An ice beast (D:6)
  An iguana (D:5)
  3 adders
  A white imp (D:5)
  A worm (D:2)
  3 dart slugs
  7 orcs
  A bat (D:2)
  3 endoplasms
  5 giant cockroaches
  A goblin (D:1)
  9 hobgoblins
  17 jackals
  6 kobolds
  3 quokkas
  7 ball pythons
  3 frilled lizards
  4 rats (D:1)
76 creatures vanquished.

Notes
Turn   | Place    | Note
-------+----------+-------------------------------------------
     0 | D:1      | saiaiaiai the Ghoul Air Elementalist began the quest for
                  | the Orb.
     0 | D:1      | Reached XP level 1. HP: 14/14 MP: 2/2
   269 | D:1      | Reached skill level 1 in Unarmed Combat
   269 | D:1      | Reached XP level 2. HP: 18/20 MP: 1/3
   491 | D:1      | Reached skill level 2 in Unarmed Combat
   896 | D:1      | Reached XP level 3. HP: 26/26 MP: 0/4
  1382 | D:2      | Reached skill level 3 in Unarmed Combat
  1816 | D:2      | Learned a level 3 spell: Swiftness
  1904 | D:3      | Identified the +1 tower shield "Ugumnom" {Rampage Str+3}
  1913 | D:3      | Reached XP level 4. HP: 30/33 MP: 0/5
  2733 | D:4      | Found a staircase to the Ecumenical Temple.
  2739 | Temple   | Entered the Ecumenical Temple
  2939 | Temple   | Became a worshipper of Warmaster Okawaru
  3039 | D:4      | Noticed a black bear
  3225 | D:4      | Found a runed translucent gate.
  3226 | D:4      | Found a runed translucent gate.
  3226 | D:4      | Found a runed translucent gate.
  3229 | D:4      | Noticed P0WERM0DE's ghost (amateur MeMo)
  3964 | D:5      | Entered Level 5 of the Dungeon
  4147 | D:5      | Noticed a scorpion
  4211 | D:5      | Reached skill level 1 in Shields
  4211 | D:5      | Reached skill level 4 in Unarmed Combat
  4211 | D:5      | Reached XP level 5. HP: 32/38 MP: 6/6
  4337 | D:5      | Found a bloodstained altar of Trog.
  4533 | D:5      | Noticed Prince Ribbit
  4622 | D:5      | Noticed a black bear
  4679 | D:6      | Noticed an ice beast
  4708 | D:6      | Killed an ice beast
  4709 | D:6      | Reached XP level 6. HP: 31/45 MP: 1/7
  4839 | D:6      | Slain by a centaur

Illustrated notes

Levels and vault maps discovered:
D:1:      dpeg_cavernosity, layout_loops_ring
D:2:      layout_rooms
D:3:      layout_rooms, st_stairs_13
D:4:      layout_basic, minmay_temple_entry_grid, serial_corexii_hall,
          chequers_hall_statues_corner_a, chequers_hall_statues_y,
          corexii_hall_statues_t, ebering_ghost_rock_garden,
          roderic_cross_of_infinity, grunt_ministairs_15,
          kennysheep_cross_bottleneck, nrook_uturn
D:5:      corexii_shack_village, layout_loops_ring,
          lemuel_coloured_pillars_altar, nicolae_hexahallways,
          roderic_serpentine_path, feat_on_display, uniq_prince_ribbit1
D:6:      layout_loops_cross, mainiacjoe_overflow_alcove_2,
          gup_sewer_entry_bowl, grunt_ministairs_12
Temple:   nicolae_temple_slightly_damp_pantheon

Skill      XL: |  1  2  3  4  5 |
---------------+----------------+-----
Unarmed Combat | 1 2 3 4 |  4.8
Shields        | 1 |  1.7
Air Magic      | 3 |  3.3
Dodging        | |  1.8
Stealth        | |  2.2
Spellcasting   | |  1.8
Conjurations   | |  0.8

Action                     |  1- 3 |  4- 6 || total
---------------------------+-------+-------++-------
  Melee: Unarmed           |    53 |   111 ||   164
         Punch             |     1 |     4 ||     5
   Cast: Shock             |    60 |    38 ||    98
    Use: Scroll            |       |     5 ||     5
   Stab: Sleeping          |     1 |       ||     1
 Armour: Robe              |     9 |    17 ||    26
  Dodge: Dodged            |    46 |    85 ||   131
